 Dungeon Crawl Stone Soup version 0.18-a0-59-gb630132 (webtiles) character file.

28328 ReteAZ the Grappler (level 13, 0/131 HPs)
             Began as a Troll Monk on Nov 8, 2015.
             Splashed by an acid blob's acid (8 damage)
             ... on level 7 of the Lair of Beasts.
             The game lasted 01:13:47 (15526 turns).

ReteAZ the Grappler (Troll Monk)                   Turns: 15526, Time: 01:13:47

Health: 0/131      AC: -3    Str: 22    XL:     13   Next: 9%
Magic:  17/17      EV: 22    Int:  2    God:
Gold:   1469       SH:  0    Dex: 19    Spells: 0 memorised, 12 levels left

rFire  . . .     SeeInvis .       - Unarmed
rCold  . . .     Clarity  .     K - +1 robe of Creativity {+Blink MR+++ Int-5 Stlth+} (curse)
rNeg   . . .     SustAt   .     (no shield)
rPois  .         Gourm    +     R - +2 hat
rElec  .         Spirit   .     V - +0 cloak
rCorr  .         Warding  .     (gloves unavailable)
rMut   +         Stasis   .     (boots unavailable)
MR     +++..                    w - amulet of resist mutation
Stlth  +++.......               S - +4 ring of dexterity
                                j - +4 ring of evasion

@: lethally poisoned (0 -> -1), corroded equipment, extremely resistant to
hostile enchantments, fairly stealthy
A: unfitting armour, claws 3, fast metabolism 3, gourmand, regeneration 2,
shaggy fur 1, tough skin 2
a: Evoke Blink


You were on level 7 of the Lair of Beasts.
You were very full.

You visited 5 branches of the dungeon, and saw 23 of its levels.
You also visited: Ice Cave and Volcano.

You collected 1469 gold pieces.

Inventory:

Hand Weapons
 e - a +4 scimitar of flaming
 k - a +0 quarterstaff of crushing
 l - a +0 hand axe of freezing
 x - a +2 dagger of flaming
 B - a +2 dagger of protection
 C - a +2 dagger of protection
Missiles
 u - 12 tomahawks (quivered)
Armour
 a - a +1 robe
 K - the cursed +1 robe of Creativity (worn) {+Blink MR+++ Int-5 Stlth+}
   (You found it on level 9 of the Dungeon)

   It affects your intelligence (-5).
   It affects your resistance to hostile enchantments.
   It lets you blink.
   It makes you more stealthy.
   It has a curse placed upon it.
 R - a +2 hat (worn)
 V - a +0 cloak (worn)
Magical Staves
 z - an uncursed staff of wizardry {unknown}
Jewellery
 j - a +4 ring of evasion (left claw)
 m - an uncursed ring of invisibility
 o - an uncursed ring of positive energy
 w - an amulet of resist mutation (around neck)
 y - an uncursed ring of ice
 E - an uncursed ring of fire
 S - a +4 ring of dexterity (right claw)
 U - an uncursed amulet of faith
Wands
 i - a wand of confusion (21)
 n - a wand of flame (30)
 r - a wand of enslavement (6)
 G - a wand of polymorph (14)
 L - a wand of fire (4)
 O - a wand of enslavement (9)
 P - a wand of digging (6)
 T - a wand of disintegration (3)
Scrolls
 c - a scroll of recharging
 g - 5 scrolls of remove curse
 h - a scroll of fog
Potions
 d - 4 potions of curing
 s - 4 potions of might
 t - 2 potions of flight
 F - 2 potions of berserk rage {unknown}
 H - a potion of resistance {unknown}
 I - 5 potions of brilliance
 Z - a potion of mutation
Books
 p - a book of Conjurations

   Spells                             Type                      Level
   a - Magic Dart                     Conjuration                  1
   b - Searing Ray                    Conjuration                  2
   c - Dazzling Spray                 Conjuration/Hexes            3
   d - Fulminant Prism                Conjuration/Hexes            4
   e - Iskenderun's Mystic Blast      Conjuration                  4
   f - Iskenderun's Battlesphere      Conjuration/Charms           5
 A - a Fen Folio

   Spells                             Type                      Level
   a - Corpse Rot                     Necromancy                   2
   b - Stone Arrow                    Conjuration/Earth            3
   c - Leda's Liquefaction            Hexes/Earth                  4
   d - Summon Forest                  Summoning/Translocation      5
   e - Hydra Form                     Transmutation                6
   f - Summon Hydra                   Summoning                    7
 J - a book of Beasts

   Spells                             Type                      Level
   a - Summon Butterflies             Summoning                    1
   b - Call Canine Familiar           Summoning                    3
   c - Summon Ice Beast               Ice/Summoning                4
   d - Summon Mana Viper              Hexes/Summoning              5
   e - Summon Hydra                   Summoning                    7
 W - an Akashic Record

   Spells                             Type                      Level
   a - Dispersal                      Translocation                6
   b - Malign Gateway                 Summoning/Translocation      7
   c - Disjunction                    Translocation                8
   d - Controlled Blink               Translocation                8
Miscellaneous
 N - a crystal ball of energy
 Y - a box of beasts {used: 6}
Comestibles
 b - 7 bread rations {@e1}
 f - 10 meat rations {@e2}
 q - 19 chunks of flesh {@w0}
 v - 5 beef jerkies
 M - 3 slices of pizza


   Skills:
 + Level 9.1 Fighting
 + Level 10.7 Dodging
 - Level 1.1 Stealth
 - Level 13.1 Unarmed Combat
 - Level 7.0 Evocations


You had 12 spell levels left.
You didn't know any spells.

Dungeon Overview and Level Annotations

Branches:
Dungeon (11/15)            Temple (1/1) D:4            Lair (7/8) D:8
 Shoals (0/4) Lair:5        Slime (1/6) Lair:7          Orc (3/4) D:10
  Snake: Lair:3-6    Spider: Lair:3-6       Elf: Orc:3-4

Altars:
Ashenzari
Cheibriados
Dithmenos
Elyvilon
Fedhas
Gozag
Kikubaaqudgha
Makhleb
Nemelex Xobeh
Okawaru
Qazlal
Ru
Sif Muna
Trog
Vehumet
Xom
Yredelemnul
Zin
The Shining One
Beogh

Shops:
Orc:1 :

Annotations:
Lair:3 Rupert


Innate Abilities, Weirdness & Mutations

You are too large for most types of armour.
You have claws for hands.
Your metabolism is lightning-fast.
You like to eat raw meat.
You heal very quickly.
You are covered in fur (AC +1).
You have very tough skin (AC +2).


Message History

Your juvenile shocksting beast closely misses the blink frog.
A porcupine comes into view.
The blink frog closely misses you. The blink frog misses you.
The blink frog blinks! x2
Your juvenile shocksting beast hits the slime creature!!
Your juvenile shocksting beast stings the slime creature.
Your juvenile batox beast hits the shining eye!
Your juvenile batox beast tramples the shining eye.
The shining eye holds its ground!
Found a plain deck of cards.
The blink frog blinks!
The water moccasin bites you.
* * * LOW HITPOINT WARNING * * *
You are poisoned.
The water moccasin poisons you!
The slime creature hits your juvenile shocksting beast but does no damage. x2
The acid blob spits acid at you. The splash of acid hits you!
* * * LOW HITPOINT WARNING * * *
The acid corrodes you!
The acid burns!
You die...

*,,,,,,,,,,,,,,,,,,,,,,,,,,
*,,............},,,,,,,,,,,
**,............,,,,,,,,,,,,
*,...........,,,,,,,,,,,,,
*,,,........,,,,,,,,,,,,,,
*,,,,.....$,,,,,,,,,,,,,,,
**..,**#...#**,..,,,,,,,,,,
*....###.S.##*...,,,,,,,,,*
*#..$#.#FF@.##...,,,,,,,,,,
**........JH.§.....,,,,,,,,,
*.........GH.......,,,,,,,,,
*##........JJ.......,,,,,,≈≈≈
*..#...#.#F.F.##....,,,,,,,≈≈
**...§.##....###....,,,,,,≈≈≈
*##.....#..........,,,,,,≈≈≈
##.................,,,,,≈≈≈≈
#...........###P..,,,,,,,≈≈≈


You could see an acid blob, 2 slime creatures, a shining eye, 4 blink frogs, a
water moccasin and 2 friendly mutant beasts.

Vanquished Creatures
  An ice dragon (Orc:2)
  Harold (D:10)
  Erica (D:8)
  A centaur warrior (D:11)
  Pikel (D:4)
  A lindwurm (Lair:7)
  2 orc sorcerers (Orc:2)
  An ugly thing (D:11)
  3 ice statues (IceCv)
  2 black mambas
  A gargoyle (D:9)
  3 spiny frogs
  A komodo dragon (Lair:3)
  A spriggan druid (Lair:4)
  The ghost of Zigma the Ruffian, an amateur DrMo of Makhleb (D:4)
  2 polar bears
  2 trolls
  Grinder (D:5)
  8 blink frogs
  A two-headed ogre (Orc:3)
  Sigmund (D:3)
  A wyvern (D:10)
  A deep elf mage (D:10)
  10 yaks
  2 fire bats (Volcano)
  Eustachio (D:5)
  3 basilisks
  13 wolves
  9 hippogriffs
  5 vampire mosquitoes
  A deep elf fighter (Volcano)
  6 water moccasins
  A porcupine (Lair:3)
  3 black bears
  A wasp (D:10)
  9 ogres
  18 orc warriors
  12 ice beasts
  2 sky beasts
  6 crocodiles
  A phantom (D:9)
  A necrophage (D:7)
  A big kobold (D:7)
  4 centaurs
  7 giant frogs
  2 scorpions
  A water moccasin skeleton (D:7)
  9 killer bees (D:10)
  3 jellies
  4 wights (D:6)
  2 centaur zombies
  2 crimson imps
  2 electric eels (D:8)
  2 giant frog zombies
  A gnoll shaman (D:6)
  20 orc priests
  Ijyb (D:3)
  2 giant frog skeletons (D:9)
  22 orc wizards
  A quasit (D:6)
  8 hounds
  8 iguanas
  7 worker ants
  A killer bee zombie (D:7)
  2 hound skeletons
  A hound zombie (D:6)
  2 worker ant zombies
  Robin (D:2)
  11 adders
  5 gnolls (D:6)
  3 shadow imps
  37 river rats
  An adder skeleton (D:7)
  An adder zombie (D:7)
  4 oozes
  2 worms (D:2)
  6 giant geckos
  146 orcs
  8 bats
  2 giant cockroaches
  2 gnoll zombies (D:2)
  9 goblins (D:2)
  13 hobgoblins
  4 jackals (D:8)
  2 quokkas
  3 ball pythons
  4 giant newts
  15 kobolds
  A quokka skeleton (D:4)
  A quokka zombie (D:5)
  7 rats
  3 butterflies
548 creatures vanquished.

Vanquished Creatures (collateral kills)
  A hydra (Lair:7)
  A skeletal warrior (D:11)
  A jelly (Lair:7)
  An orc (D:8)
4 creatures vanquished.

Vanquished Creatures (others)
  A two-headed ogre (Volcano)
  2 yaks (Lair:3)
  A hog (Volcano)
  An orc wizard (D:8)
  4 orcs (D:4)
9 creatures vanquished.

Grand Total: 561 creatures vanquished

Notes
Turn   | Place    | Note
--------------------------------------------------------------
     0 | D:1      | ReteAZ the Troll Monk began the quest for the Orb.
     0 | D:1      | Reached XP level 1. HP: 22/22 MP: 0/0
   341 | D:1      | Reached XP level 2. HP: 29/29 MP: 1/1
   604 | D:2      | Reached skill level 5 in Unarmed Combat
   604 | D:2      | Reached XP level 3. HP: 23/36 MP: 2/2
   611 | D:2      | Found a radiant altar of Vehumet.
   770 | D:2      | Found an opulent altar of Gozag.
   793 | D:2      | Found a glowing golden altar of the Shining One.
   796 | D:2      | Found a snail-covered altar of Cheibriados.
   796 | D:2      | Noticed Robin
   831 | D:2      | Killed Robin
   831 | D:2      | Reached XP level 4. HP: 14/44 MP: 3/3
   888 | D:2      | Found a blossoming altar of Fedhas.
  1179 | D:2      | Found a basalt altar of Yredelemnul.
  1404 | D:3      | Found a burning altar of Makhleb.
  1416 | D:3      | Reached skill level 6 in Unarmed Combat
  1465 | D:3      | Noticed Ijyb
  1482 | D:3      | Killed Ijyb
  1506 | D:3      | Reached XP level 5. HP: 42/50 MP: 4/4
  1597 | D:3      | Noticed Sigmund
  1610 | D:3      | Killed Sigmund
  1610 | D:3      | Reached skill level 7 in Unarmed Combat
  1610 | D:3      | Reached XP level 6. HP: 50/59 MP: 5/5
  2101 | D:4      | Noticed Zigma's ghost (amateur DrMo)
  2129 | D:4      | Killed Zigma's ghost
  2129 | D:4      | Reached skill level 8 in Unarmed Combat
  2129 | D:4      | Reached XP level 7. HP: 19/66 MP: 6/6
  2347 | D:4      | Reached skill level 9 in Unarmed Combat
  2361 | D:4      | Noticed Pikel
  2381 | D:4      | Killed Pikel
  2381 | D:4      | Reached skill level 10 in Unarmed Combat
  2381 | D:4      | Reached XP level 8. HP: 21/74 MP: 7/7
  2594 | D:4      | Found an iron altar of Okawaru.
  2828 | D:4      | Found a staircase to the Ecumenical Temple.
  2841 | Temple   | Entered the Ecumenical Temple
  3217 | D:5      | Entered Level 5 of the Dungeon
  3444 | D:5      | Noticed Grinder
  3449 | D:5      | Paralysed by Grinder for 5 turns
  3456 | D:5      | Killed Grinder
  3520 | D:5      | Noticed Eustachio
  3547 | D:5      | Killed Eustachio
  4183 | D:6      | Reached XP level 9. HP: 85/85 MP: 8/8
  4219 | D:6      | Reached skill level 5 in Fighting
  4219 | D:6      | Reached skill level 5 in Dodging
  6038 | D:7      | Reached XP level 10. HP: 100/100 MP: 9/9
  6451 | D:8      | Found a burning altar of Makhleb.
  6553 | D:8      | Found a shattered altar of Ashenzari.
  6696 | D:8      | Noticed Erica
  6707 | D:8      | Found a white marble altar of Elyvilon.
  6749 | D:8      | Killed Erica
  6749 | D:8      | Reached skill level 11 in Unarmed Combat
  6931 | D:9      | Found a shadowy altar of Dithmenos.
  7019 | D:9      | Got a shadowed robe
  7030 | D:9      | Identified the cursed +1 robe of Creativity {+Blink MR+++ Int-5 Stlth+} (You found it on level 9 of the Dungeon)
  7217 | D:9      | Found a shimmering altar of Xom.
  7368 | D:9      | Reached skill level 1 in Evocations
  8101 | D:10     | Entered Level 10 of the Dungeon
  8199 | D:10     | Reached XP level 11. HP: 88/111 MP: 12/12
  8201 | D:10     | Noticed Harold
  8247 | D:10     | Killed Harold
  8385 | D:10     | Found a staircase to the Orcish Mines.
  9042 | D:10     | Reached skill level 5 in Evocations
  9931 | D:11     | Noticed a hill giant
  9979 | D:11     | Noticed a skeletal warrior
  9979 | D:11     | Noticed a skeletal warrior
 10008 | D:11     | Killed a skeletal warrior
 10014 | D:11     | Noticed a skeletal warrior
 10207 | Orc:1    | Entered Level 1 of the Orcish Mines
 10216 | Orc:1    | Found Ralul's Book Shop.
 10657 | Orc:1    | Found a roughly hewn altar of Beogh.
 10788 | Orc:2    | Found a roughly hewn altar of Beogh.
 10794 | Orc:2    | Noticed an ice devil
 11187 | Orc:2    | Found a frozen archway.
 11197 | Orc:2    | Noticed an ice dragon
 11219 | Orc:2    | Killed an ice dragon
 11312 | IceCv    | Entered an ice cave
 11319 | IceCv    | Reached skill level 12 in Unarmed Combat
 11390 | IceCv    | Reached XP level 12. HP: 100/119 MP: 15/15
 12512 | D:11     | Noticed a centaur warrior
 12972 | D:11     | Killed a centaur warrior
 13060 | D:8      | Found a staircase to the Lair.
 13297 | Lair:1   | Entered Level 1 of the Lair of Beasts
 13386 | Lair:2   | Reached skill level 13 in Unarmed Combat
 14233 | Lair:3   | Noticed Rupert
 14665 | Lair:4   | Reached skill level 10 in Dodging
 14977 | Lair:5   | Found a dark tunnel.
 15018 | Volcano  | Entered a volcano
 15402 | Lair:7   | Reached XP level 13. HP: 123/130 MP: 17/17
 15508 | Lair:7   | Found a staircase to the Slime Pits.
 15517 | Slime:1  | Entered Level 1 of the Pits of Slime
 15517 | Slime:1  | Noticed an acid blob
 15517 | Slime:1  | Noticed an acid blob
 15526 | Lair:7   | Splashed by an acid blob's acid

Vault maps used:
D:1:      sevenhm_arrival_forest_fort_small_3
D:2:      lemuel_crystal_altar, lemuel_zombie_altar_yredelemnul,
          grunt_temple_overflow_cloverleaf, uniq_robin
D:3:      first_bread, bloody_makhleb, uniq_sigmund, uniq_iyjb
D:4:      okawaru_ov_weapons_minmay, minmay_temple_entry_butterflies, uniq_pikel
D:5:      kennysheep_minor_cross, uniq_grinder, uniq_eustachio
D:6:      item_on_display_a
D:8:      old_standard_altar, kennysheep_mini, erik_lair_island, basic_altar,
          uniq_erica
D:9:      old_standard_altar, nicolae_dithmenos_through_a_glass_darkly
D:10:     kennysheep_steamy, hiddenorc2_lemuel, uniq_harold
D:11:     serial_column_ruins, column_ruins_grid_3,
          column_ruins_open_medium_water, column_ruins_columns_straight,
          column_ruins_corridor_straight
Temple:   cyrus_temple_forest_13
Lair:1:   grunt_forest_stairs_basic, grunt_forest_small_clearing_treed
Lair:3:   serial_bayou_shore_b, grunt_megastairs_3, uniq_rupert
Lair:4:   minmay_snake_entry_six_corridors, kilobyte_rumbling_trees
Lair:5:   minmay_shoals_entry_centaurs, nicolae_volcano_entry_lava_flow,
          st_stairs_6
Lair:7:   onia_ninara_swampy_vault, minmay_slime_entry_pillars,
          infiniplex_staircase_pool_2
Orc:1:    serial_shops, shop, minmay_orc_temple_b
Orc:2:    portal_ice_cave_entry_animals_and_master, nicolae_orc_damp_corner,
          mines2_david
Orc:3:    nicolae_orc_pool_cavern
IceCv:    ice_cave_statue_garden_02
Volcano:  volcano_village

Action                   |  1- 3 |  4- 6 |  7- 9 | 10-12 | 13-15 || total
-------------------------+-------+-------+-------+-------+-------++-------
Melee: Unarmed           |    75 |   132 |   296 |  1042 |    25 ||  1570
       Scimitar          |       |       |       |       |     1 ||     1
Throw: Tomahawk          |       |     6 |     4 |    94 |     1 ||   105
       Throwing net      |       |       |     1 |     1 |       ||     2
 Abil: Evoke Blink       |       |       |       |     2 |       ||     2
Evoke: Wand              |       |       |     1 |    26 |     2 ||    29
       Box of beasts     |       |       |       |     3 |     3 ||     6
  Use: Potion            |     2 |       |     3 |     7 |       ||    12
       Scroll            |       |       |    16 |    21 |       ||    37
 Stab: Sleeping          |       |       |     4 |    15 |       ||    19
       Distracted        |       |       |     2 |     1 |       ||     3
       Confused          |       |       |       |     1 |       ||     1
  Eat: Chunk             |    11 |    14 |    33 |    88 |       ||   146
